 Dungeon Crawl Stone Soup version 0.20.1-1-g8b1a95d (webtiles) character file.

43 RKaid the Grave Robber (level 3, 0/25 HPs)
             Began as a Mummy Necromancer on July 31, 2017.
             Slain by a goblin
             ... wielding a +0 dagger
              (2 damage)
             ... on level 2 of the Dungeon.
             The game lasted 00:01:44 (990 turns).

RKaid the Grave Robber (Mummy Necromancer)           Turns: 990, Time: 00:01:45

Health: 0/25       AC:  2    Str: 12    XL:     3   Next: 37%
Magic:  3/7        EV: 12    Int: 14    God:
Gold:   68         SH:  0    Dex: 12    Spells: 6/8 levels left

rFire    x . .     SeeInvis .   (no weapon)
rCold    + . .     Gourm    .   (no shield)
rNeg     + + +     Faith    .   a - +0 robe
rPois    ∞         Spirit   .   (no helmet)
rElec    .         Reflect  .   (no cloak)
rCorr    .         Harm     .   (no gloves)
MR       .....                  (no boots)
Stlth    ++........             (no amulet)
Regen    0.1/turn               (no ring)
MPRegen  0.1/turn               (no ring)

@: no status effects
A: no food or potions, fire vulnerability, cold resistance 1, negative energy
resistance 3, torment resistance, unbreathing
a: no special abilities


You were on level 2 of the Dungeon.
You were not hungry.

You visited 1 branch of the dungeon, and saw 2 of its levels.

You collected 68 gold pieces.

Inventory:

Hand Weapons
 e - a +0 dagger
   (You found it on level 1 of the Dungeon)
 f - a +0 hunting sling
   (You found it on level 1 of the Dungeon)
 g - a +0 mace
   (You found it on level 1 of the Dungeon)
 j - a +0 dagger
   (You took it off a goblin on level 1 of the Dungeon)
 k - a +0 short sword
   (You found it on level 1 of the Dungeon)
 n - a +0 club
   (You took it off a kobold on level 1 of the Dungeon)
 p - a +0 club
   (You took it off a kobold on level 2 of the Dungeon)
Missiles
 m - a throwing net {=f}
Armour
 a - a +0 robe (worn)
Jewellery
 d - an uncursed ring of protection from cold {unknown}
   (You found it on level 1 of the Dungeon)
Scrolls
 c - a scroll of fear {unknown}
 h - a scroll of amnesia {unknown}
 i - a scroll of enchant armour {unknown}
 l - a scroll of blinking {unknown}
 o - a scroll of recharging {unknown}
Books
 b - a book of Necromancy


   Skills:
 + Level 0.8 Fighting
 - Level 1.5 Dodging
 - Level 1.5 Stealth
 + Level 3.4 Spellcasting
 * Level 4.7 Necromancy


You had 6 spell levels left.
You knew the following spells:

 Your Spells              Type           Power        Failure   Level  Hunger
a - Pain                  Necr           ###.         3%          1    N/A
A - Animate Skeleton      Necr           N/A          3%          1    N/A

Dungeon Overview and Level Annotations

Branches:
Dungeon (2/15)

Altars:


Innate Abilities, Weirdness & Mutations

You do not eat or drink.
Your flesh is vulnerable to fire.
You are immune to poison.
Your flesh is cold resistant. (rC+)
You are immune to negative energy. (rN+++)
You are immune to unholy pain and torment.
You can survive without breathing.


Message History

Press: ? - help, Shift-Dir - straight line, f/p - adder
Aim: an adder (heavily wounded, chance to defeat MR: 80%)
The adder writhes in agony!
Casting: Pain
Confirm with . or Enter, or press ? or * to list all spells.
Aiming: Pain
Press: ? - help, Shift-Dir - straight line, f/p - adder
Aim: an adder (severely wounded, chance to defeat MR: 80%)
The adder writhes in agony!
You kill the adder!
Casting: Pain
Confirm with . or Enter, or press ? or * to list all spells.
You can't see any susceptible monsters within range! (Use Z to cast anyway.)
Casting: Pain
Confirm with . or Enter, or press ? or * to list all spells.
You can't see any susceptible monsters within range! (Use Z to cast anyway.)
An adder comes into view.
Casting: Pain
Confirm with . or Enter, or press ? or * to list all spells.
Aiming: Pain
Press: ? - help, Shift-Dir - straight line, f - adder
Aim: an adder (resting, chance to defeat MR: 80%)
The adder hisses angrily.
The adder writhes in agony!
The adder moves out of view.
A worm comes into view.
Casting: Pain
Confirm with . or Enter, or press ? or * to list all spells.
Aiming: Pain
Press: ? - help, Shift-Dir - straight line, f/p - adder
Aim: an adder (moderately wounded, chance to defeat MR: 80%)
The adder writhes in agony!
The worm moves out of view.
Casting: Pain
Confirm with . or Enter, or press ? or * to list all spells.
Aiming: Pain
Press: ? - help, Shift-Dir - straight line, f/p - adder
Aim: an adder (severely wounded, chance to defeat MR: 80%)
The adder barely resists.
Casting: Pain
Confirm with . or Enter, or press ? or * to list all spells.
Aiming: Pain
Press: ? - help, Shift-Dir - straight line, f/p - adder
Aim: an adder (severely wounded, chance to defeat MR: 80%)
The adder writhes in agony!
The adder bites you but does no damage. The adder bites you.
The adder barely misses you. The worm barely misses you.
The adder closely misses you.
Found a stone staircase leading up.
You see here a scroll labeled XICOSI NIHOSHRO.
The adder bites you.
A goblin comes into view. It is wielding a club.
The goblin shouts!
The goblin unwields an uncursed club.
The goblin wields a hunting sling.
The goblin shoots a stone.
The stone barely misses you.
Things that are here:
a stone; a spear The goblin shoots a stone.
The stone hits you but does no damage. The adder closely misses you.
You see here a stone.
A goblin comes into view. It is wielding a dagger.
The goblin moves out of view.
The goblin shoots a stone.
The stone closely misses you.
The stone closely misses the adder.
The goblin shouts!
The goblin unwields an uncursed dagger.
The goblin wields a hunting sling.
The goblin shoots a stone.
The stone hits you.
The goblin shoots a stone.
The stone misses you.
The stone closely misses the adder.
You see here a stone.
The goblin shoots a stone.
The stone hits you but does no damage. The adder bites you.
You see here a stone.
Really attack barehanded?
Okay, then.
Really attack barehanded?
Okay, then.
Unknown command.
The goblin shoots a stone.
The stone hits you but does no damage.
The goblin unwields an uncursed hunting sling.
The goblin wields an uncursed club.
The goblin barely misses you.
The goblin shoots a stone.
The stone hits you. The goblin closely misses you. The adder bites you.
You see here a stone.
The goblin shoots a stone.
The stone completely misses you.
The stone misses the adder.
The stone hits the goblin but does no damage.
The goblin unwields an uncursed club.
The goblin wields an uncursed hunting sling.
The goblin shoots a stone.
The stone closely misses you.
The stone barely misses the goblin.
The adder bites you.
* * * LOW HITPOINT WARNING * * *
A bat comes into view.
The bat barely misses you.
The goblin unwields an uncursed hunting sling.
The goblin wields an uncursed dagger.
The goblin hits you with an uncursed dagger.
* * * LOW HITPOINT WARNING * * *
The bat hits you.
* * * LOW HITPOINT WARNING * * *
The bat barely misses you.
The goblin hits you with an uncursed dagger.
You die...

........w.....# #.#
##....(.......##
#....(........###
...###.w#.##.......
.. ##(#.# ....... #
##(..# .......
...##...###.......
#......(...#.......
.......[g.S@.......
#.........bg.......
#..........#.......
#....(.....#..(....
####...#.###.......
###.... #.####.
..... .# ####.. ..


You could see an adder, 2 goblins and a bat.

Vanquished Creatures
  2 adders (D:2)
  2 leopard geckos (D:1)
  A giant cockroach (D:1)
  2 goblins (D:1)
  4 hobgoblins
  2 kobolds
  2 bats (D:1)
  2 frilled lizards (D:1)
17 creatures vanquished.

Vanquished Creatures (collateral kills)
  2 dart slugs (D:1)
2 creatures vanquished.

Grand Total: 19 creatures vanquished

Notes
Turn   | Place    | Note
-------+----------+-------------------------------------------
     0 | D:1      | RKaid the Mummy Necromancer began the quest for the Orb.
     0 | D:1      | Reached XP level 1. HP: 13/13 MP: 4/4
   129 | D:1      | Learned a level 1 spell: Animate Skeleton
   325 | D:1      | Reached skill level 3 in Spellcasting
   325 | D:1      | Reached XP level 2. HP: 20/20 MP: 4/6
   859 | D:2      | Reached XP level 3. HP: 22/25 MP: 0/7
   988 | D:2      | HP: 5/25 [adder (3)]
   990 | D:2      | HP: 2/25 [bat (1)]
   990 | D:2      | Slain by a goblin

Skill      XL: |  1 |
---------------+----+-----
Spellcasting   | 3 |  3.4
Fighting       | |  0.8
Dodging        | |  1.5
Stealth        | |  1.5
Necromancy     | |  4.7

Action                   || total
-------------------------++-------
 Cast: Pain              ||    43
       Animate Skeleton  ||     5
Armor: Robe              ||     4
Dodge: Dodged            ||    21

Table legend:
 A = Turns spent in this place as a percentage of turns spent in the entire game.
 B = Non-inter-level travel turns spent in this place as a percentage of non-inter-level travel turns spent in the entire game.
 C = Inter-level travel turns spent in this place as a percentage of turns spent in this place.
 D = Turns resting spent in this place as a percentage of non-inter-level travel turns spent in this place.
 E = Turns spent auto-exploring this place as a percentage of non-inter-level travel turns spent in this place.
 F = Non-inter-level travel turns spent in this place divided by the number of levels of this place that you've seen.
                   A       B       C       D       E      F
               +-------+-------+-------+-------+-------+----------------------
         Total | 100.0 | 100.0 |   0.4 |   8.6 |  11.6 | 116.5
       Dungeon | 100.0 | 100.0 |   0.4 |   8.6 |  11.6 | 116.5
               +-------+-------+-------+-------+-------+----------------------

Table legend:
 A = Kills in this place as a percentage of kills in entire the game.
 B = Kills by you in this place as a percentage of kills by you in the entire game.
 C = Kills by friends in this place as a percentage of kills by friends in the entire game.
 D = Other kills in this place as a percentage of other kills in the entire game.
 E = Experience gained in this place as a percentage of experience gained in the entire game.
 F = Experience gained in this place divided by the number of levels of this place that you have seen.
                   A       B       C       D       E      F
               +-------+-------+-------+-------+-------+----------------------
         Total | 100.0 | 100.0 | 100.0 |  -nan | 100.0 |  31.0
       Dungeon | 100.0 | 100.0 | 100.0 |  -nan | 100.0 |  31.0
               +-------+-------+-------+-------+-------+----------------------
